 Dungeon Crawl Stone Soup version 0.25-a0-549-g6e6e6501ad (webtiles) character file.

Game seed: 4030510214664151810, levelgen mode: deterministic

72 Forecaster the Sneak (level 4, -1/37 HPs)
             Began as a Naga Wizard on Feb 23, 2020.
             Succumbed to a scorpion's poison
             ... on level 3 of the Dungeon.
             The game lasted 00:12:10 (2858 turns).

Forecaster the Sneak (Naga Wizard)                  Turns: 2858, Time: 00:12:11

Health: -1/37      AC:  2    Str:  9    XL:     4   Next: 25%
Magic:  9/9        EV:  9    Int: 19    God:
Gold:   106        SH:  0    Dex: 10    Spells: 5/10 levels left

rFire    . . .     SeeInvis +   y - +0 short sword (freeze)
rCold    . . .     Gourm    .   (no shield)
rNeg     . . .     Faith    .   p - +0 leather armour
rPois    +         Spirit   .   b - +0 hat
rElec    .         Reflect  .   (no cloak)
rCorr    .         Harm     .   (no gloves)
MR       .....                  (no barding)
Stlth    +++.......             (no amulet)
HPRegen  0.12/turn              A - ring of stealth
MPRegen  0.11/turn              (no ring)

@: lethally poisoned (-1 -> -11), very slow
A: large, see invisible, deformed body, poison resistance, slowness 2, slow
metabolism 1, spit poison 1, AC +1
a: Spit Poison


You were on level 3 of the Dungeon.
You were not hungry.

You visited 1 branch of the dungeon, and saw 4 of its levels.

You collected 106 gold pieces.

Inventory:

Hand Weapons
 k - a +0 dagger
 l - a +0 short sword
 m - a +0 short sword
 t - a +0 dagger
 y - a +0 short sword of freezing (weapon)
Missiles
 h - 12 bolts
 B - 52 stones (quivered)
Armour
 a - a +0 robe
 b - a +0 hat (worn)
 c - a +0 kite shield
 e - a +0 leather armour
 o - a +0 robe
 p - a +0 leather armour (worn)
 s - a +0 robe
 x - a +0 robe
Jewellery
 A - a ring of stealth (left hand)
Wands
 z - a wand of flame (24)
Scrolls
 f - 3 scrolls of remove curse {unknown}
 g - 2 scrolls of identify {unknown}
 i - a scroll of immolation {unknown}
 n - a scroll of enchant armour {unknown}
 u - a scroll of noise {unknown}
Potions
 j - 3 potions of flight {unknown}
 q - a potion of haste {unknown}
 r - a potion of resistance {unknown}
 v - 2 potions of magic {unknown}
 w - 2 potions of heal wounds {unknown}
Comestibles
 d - 2 rations


   Skills:
 + Level 0.6 Fighting
 + Level 1.7 Dodging
 + Level 4.1 Stealth
 + Level 1.0 Unarmed Combat
 + Level 3.7 Spellcasting
 + Level 1.3 Conjurations
 + Level 1.3 Summonings
 + Level 1.0 Translocations


You had 5 spell levels left.
You knew the following spells:

 Your Spells              Type           Power        Failure   Level  Hunger
a - Magic Dart            Conj           #...         12%         1    None
b - Call Imp              Summ           #.......     17%         2    ##.....
c - Blink                 Tloc           N/A          21%         2    ##.....

Your spell library contained the following spells:

 Spells                   Type           Power        Failure   Level  Hunger
 Slow                     Hex            #.......     30%         2    ##.....
 Conjure Flame            Conj/Fire      #.......     41%         3    ###....
 Mephitic Cloud           Conj/Pois/Air  #.......     45%         3    ###....


Dungeon Overview and Level Annotations

Branches:
Dungeon (4/15)
 Temple: D:4-7

Altars:
Cheibriados
Wu Jian
Yredelemnul
Zin

Annotations:
D:3 Edmund


Innate Abilities, Weirdness & Mutations

You cannot wear boots.
Your serpentine skin is tough. (AC +1)
You have supernaturally acute eyesight. (SInv)
Armour fits poorly on your strangely shaped body.
Your system is resistant to poisons. (rPois)
You cover ground very slowly.
You have a slow metabolism.
You can spit poison.


Message History

You start resting.
HP restored.
You climb downwards.
Level annotation: Edmund Edmund says, "You wouldn't believe how much I paid for this flail."
Edmund hits you with a +2 dire flail of pain!
You writhe in agony.
The frilled lizard bites you. The scorpion closely misses you.
Edmund hits you with a +2 dire flail of pain!
The frilled lizard bites you.
There is a stone staircase leading up, spattered with blood here.
The scorpion stings you.
* * * LOW HITPOINT WARNING * * *
You are lethally poisoned!
The scorpion poisons you!
The frilled lizard completely misses you.
Edmund hits you with a +2 dire flail of pain!
* * * LOW HITPOINT WARNING * * *
You climb upwards.
You die...

#.##......#.......
#.#.......########
#.#.......#
####.#.......#
#....#.......#
#.##.#.......#
#.#..........#
#.##.........########
#.##@@...............
#.##ls.......########
#.##.......[.'.# #...
#............#.###...
#####........#...'...
#........#####...
#........# #...
#........#####...
#....<...#.......


You could see Edmund, a scorpion and a frilled lizard.

Vanquished Creatures
  An adder (D:2)
  An ooze (D:1)
  A dart slug (D:2)
  4 giant cockroaches
  2 hobgoblins
  2 jackals (D:1)
  A quokka (D:3)
  4 bats
  2 frilled lizards
  A goblin (D:1)
  4 kobolds
  5 rats
28 creatures vanquished.

Vanquished Creatures (collateral kills)
  2 adders
  An ooze (D:2)
  A dart slug (D:1)
  A leopard gecko (D:2)
  A giant cockroach (D:2)
  A goblin (D:2)
  2 hobgoblins
  3 jackals (D:2)
  4 kobolds
  A bat (D:2)
17 creatures vanquished.

Grand Total: 45 creatures vanquished

Notes
Turn   | Place    | Note
-------+----------+-------------------------------------------
     0 | D:1      | Forecaster the Naga Wizard began the quest for the Orb.
     0 | D:1      | Reached XP level 1. HP: 15/15 MP: 4/4
   368 | D:1      | Reached XP level 2. HP: 7/22 MP: 0/6
   373 | D:1      | Learned a level 2 spell: Call Imp
   376 | D:1      | Learned a level 2 spell: Blink
  1023 | D:2      | Found a glowing silver altar of Zin.
  1138 | D:2      | Reached XP level 3. HP: 5/30 MP: 1/8
  1200 | D:2      | Found an ornate altar of the Wu Jian Council.
  1685 | D:2      | Reached skill level 1 in Unarmed Combat
  1893 | D:3      | Reached skill level 4 in Stealth
  1893 | D:3      | Reached XP level 4. HP: 34/37 MP: 4/9
  2178 | D:3      | Found a snail-covered altar of Cheibriados.
  2410 | D:3      | Found a basalt altar of Yredelemnul.
  2777 | D:4      | Noticed Edmund
  2857 | D:4      | HP: 1/37 [Edmund/+2 dire flail of pain (8)]
  2858 | D:3      | Succumbed to a scorpion's poison

Levels and vault maps discovered:
D:1:      dpeg_arrival_simpleton_b, layout_basic, serial_rivers,
          chequers_serial_rivers_room_b, chequers_serial_rivers_marsh,
          chequers_serial_rivers_large_b, chequers_serial_rivers_micro_b
D:2:      layout_basic, marbit_many_paths, zin_academy
D:3:      layout_basic, yredelemnul_altar_generic,
          nicolae_overflow_hidden_temple, first_ration, corexii_corridor_pit
D:4:      layout_basic, old_standard_altar, grunt_temple_overflow_cloverleaf,
          uniq_blork_the_orc, uniq_edmund, uniq_sigmund, uniq_robin,
          uniq_menkaure

Skill      XL: |  1  2  3 |
---------------+----------+-----
Unarmed Combat | 1 |  1.0
Stealth        | 4 |  4.1
Fighting       | |  0.6
Dodging        | |  1.7
Spellcasting   | |  3.7
Conjurations   | |  1.3
Summonings     | |  1.3
Translocations | |  1.0

Action                   |  1- 3 |  4- 6 || total
-------------------------+-------+-------++-------
Melee: Unarmed           |    39 |       ||    39
       Short sword       |    36 |    14 ||    50
       Dagger            |       |     1 ||     1
 Cast: Magic Dart        |    55 |     9 ||    64
       Call Imp          |    15 |     2 ||    17
  Use: Potion            |     3 |       ||     3
 Stab: Sleeping          |       |     1 ||     1
  Eat: Chunk             |     3 |     1 ||     4
       Ration            |       |     1 ||     1
Armor: Robe              |     7 |       ||     7
       Leather armour    |     4 |     4 ||     8
Dodge: Dodged            |    52 |     8 ||    60

Table legend:
 A = Non-vault XP
 B = Vault XP
 C = Vault XP percentage of total XP
 D = Non-vault monster count
 E = Vault monster count
 F = Vault count percentage of total count
                 A         B        C        D         E       F
            +---------+---------+-------+---------+---------+-------
      Total |      99 |       4 |   3.9 |      44 |       1 |   2.2
            +---------+---------+-------+---------+---------+-------
        D:1 |      27 |       0 |   0.0 |      15 |       0 |   0.0
        D:2 |      47 |       4 |   7.8 |      19 |       1 |   5.0
        D:3 |      25 |       0 |   0.0 |      10 |       0 |   0.0
            +---------+---------+-------+---------+---------+-------
